 Dungeon Crawl Stone Soup version 0.19.0-20-gbc5f0c6 (webtiles) character file.

123 Jannitor the Sneak (level 5, -2/30 HPs)
             Began as a Kobold Assassin on Nov 17, 2016.
             Killed from afar by an orc wizard (9 damage)
             ... with a puff of flame
             ... on level 3 of the Dungeon.
             The game lasted 00:04:51 (2172 turns).

Jannitor the Sneak (Kobold Assassin)                Turns: 2172, Time: 00:04:51

Health: -2/30      AC:  5    Str: 14    XL:     5   Next: 28%
Magic:  5/5        EV: 15    Int: 12    God:
Gold:   75         SH:  0    Dex: 17    Spells: 0 memorised, 4 levels left

rFire  . . .     SeeInvis .     a - +2 dagger
rCold  . . .     Gourm    .     c - +0 robe
rNeg   . . .     Faith    .     (shield restricted)
rPois  .         Spirit   .     i - +0 helmet
rElec  .         Reflect  .     d - +0 cloak
rCorr  .         Harm     .     p - +0 pair of gloves
MR     .....                    (no boots)
Stlth  +.........               (no amulet)
                                (no ring)
                                (no ring)

@: confused, mighty
A: carnivore 3
a: no special abilities


You were on level 3 of the Dungeon.
You were not hungry.

You visited 1 branch of the dungeon, and saw 3 of its levels.

You collected 75 gold pieces.

Inventory:

Hand Weapons
 a - a +2 dagger (weapon)
 b - a +0 blowgun
Missiles
 e - 8 poisoned needles
 k - 2 throwing nets (quivered)
Armour
 c - a +0 robe (worn)
 d - a +0 cloak (worn)
 i - a +0 helmet (worn)
 p - a +0 pair of gloves (worn)
Jewellery
 h - an uncursed amulet of regeneration {unknown}
Scrolls
 l - 3 scrolls of identify {unknown}
 n - 3 scrolls of noise {unknown}
 o - 4 scrolls of recharging {unknown}
 r - a scroll of enchant armour {unknown}
 w - a scroll of fog {unknown}
 x - a scroll of remove curse {unknown}
Potions
 t - a potion of magic {unknown}
 u - a potion of invisibility {unknown}
 v - a potion of flight {unknown}
Comestibles
 g - 3 meat rations


   Skills:
 - Level 2.1 Fighting
 + Level 4.5 Short Blades
 + Level 3.4 Throwing
 - Level 2.0 Dodging
 + Level 6.3 Stealth


You had 4 spell levels left.
You didn't know any spells.

Dungeon Overview and Level Annotations

Branches:
Dungeon (3/15)

Altars:


Innate Abilities, Weirdness & Mutations

You are small and have problems with some larger weapons.
You are carnivorous and can eat meat at any time.


Message History

Unknown command.
An orc wizard appears from thin air!
Reactivating autopickup.
The orc wizard points at you and mumbles some strange words.
You are confused.
You see here a short sword.
It was a potion of might.
You feel very mighty all of a sudden.
The orc wizard gestures at you while chanting.
You are more confused.
Unknown command.
The orc wizard hits you with a dagger.
* * * LOW HITPOINT WARNING * * *
Things that are here:
a scale mail; a morningstar You barely miss the orc wizard.
The orc wizard is lightly wounded.
The orc wizard gestures at you while chanting.
The puff of flame hits you!
You die...

## ############.##
#oo@).........##
#.########.....####
# #### #..........
.....##.....####
#............
####.#..##.## #...
#.##.# # #..# #.#
######.##.##. #..#
#.# ##.............


You could see an orc wizard and an orc.

Vanquished Creatures
  An orc priest (D:3)
  4 adders (D:2)
  3 dart slugs
  A leopard gecko (D:2)
  2 orcs (D:3)
  9 bats
  6 goblins
  8 hobgoblins
  A ball python (D:3)
  2 frilled lizards (D:2)
  7 kobolds
  5 rats
49 creatures vanquished.

Notes
Turn   | Place    | Note
-------+----------+-------------------------------------------
     0 | D:1      | Jannitor the Kobold Assassin began the quest for the Orb.
     0 | D:1      | Reached XP level 1. HP: 12/12 MP: 1/1
   164 | D:1      | Reached XP level 2. HP: 13/17 MP: 2/2
   843 | D:2      | Reached XP level 3. HP: 21/21 MP: 3/3
  1182 | D:2      | Reached XP level 4. HP: 23/26 MP: 4/4
  1924 | D:3      | Reached skill level 6 in Stealth
  2165 | D:3      | Reached XP level 5. HP: 11/30 MP: 5/5
  2172 | D:3      | Killed from afar by an orc wizard

Skill      XL: |  1  2  3  4 |
---------------+-------------+-----
Short Blades   | 3 4 |  4.5
Dodging        | 2 |  2.0
Throwing       | 3 |  3.4
Stealth        | 6 |  6.3
Fighting       | |  2.1

Action                   |  1- 3 |  4- 6 || total
-------------------------+-------+-------++-------
Melee: Dagger            |    89 |   114 ||   203
 Fire: Blowgun           |       |     2 ||     2
  Use: Potion            |     1 |     4 ||     5
 Stab: Sleeping          |     8 |     4 ||    12
  Eat: Chunk             |     1 |     5 ||     6
Armor: Robe              |    25 |    25 ||    50
       Skin              |       |    14 ||    14
Dodge: Dodged            |    63 |    84 ||   147
